PR
CROWLEY CAJUNS @ REDWOOD RHINOS
08/03/2041
 
TOP OF THE 1ST
Crowley Cajuns batting - Pitching for Redwood Rhinos : LHP Ramon Roodenburg
Pitching: LHP Ramon Roodenburg
Batting: RHB Alan Shepherd 0-0: Called Strike
0-1: Ball
1-1: SINGLE (Groundball, 4D, EV 100.0 MPH)
Batting: LHB Sam Wells 0-0: Foul Ball, location: 2F
0-1: Ball
1-1: Ball
2-1: Ball
Pickoff Throw by Catcher to First - Out!
3-1: Foul Ball, location: 2F
3-2: SINGLE (Line Drive, 56D, EV 97.5 MPH)
Batting: SHB Gabriel Ortíz 0-0: Ball
1-0: Swinging Strike
1-1: Foul Ball, location: 2F
1-2: Strikes out looking
Batting: RHB Leonard Tucker 0-0: Ball
1-0: Foul Ball, location: 2F
1-1: Foul Ball, location: 2F
1-2: SINGLE (Line Drive, 8RS, EV 89.4 MPH)
Sam Wells to second
Runner from 2nd tries for 3rd, SAFE, no throw by CF
Batting: RHB Allan Selkirk 0-0: Ball
1-0: Called Strike
1-1: Fly out, F8 (Flyball, 8RXD, EV 97.5 MPH)
Top of the 1st over - 0 runs, 3 hits, 0 errors, 2 left on base; Crowley 0 - Redwood 0
BOTTOM OF THE 1ST
Redwood Rhinos batting - Pitching for Crowley Cajuns : LHP Lorenzo Pineda
Pitching: LHP Lorenzo Pineda
Batting: RHB Roy MacDonald 0-0: Ball
1-0: Ball
2-0: Fly out, F9 (Flyball, 89D, EV 96.2 MPH)
Batting: LHB Lewis Burnell 0-0: Ball
1-0: Ball
2-0: Foul Ball, location: 2F
2-1: Foul Ball, location: 2F
2-2: Strikes out looking and he ARGUES THE CALL AND IS TOSSED!
Batting: RHB Adrián Serrano 0-0: Called Strike
0-1: Foul Ball, location: 2F
0-2: Ball
1-2: Strikes out swinging
Bottom of the 1st over - 0 runs, 0 hits, 0 errors, 0 left on base; Crowley 0 - Redwood 0
TOP OF THE 2ND
Crowley Cajuns batting - Pitching for Redwood Rhinos : LHP Ramon Roodenburg
Batting: SHB Rich Dalzell 0-0: Called Strike
0-1: Ball
1-1: Ball
2-1: Swinging Strike
2-2: Ball
3-2: Base on Balls
Batting: RHB Michael Warner 0-0: Foul Ball, location: 2F
0-1: Ball
1-1: Fielders Choice at 2nd, 5-4 (Groundball, 56, EV 85.0 MPH)
Batting: RHB Luwen Cullus 0-0: Called Strike
Michael Warner steals 2nd base
0-1: Ground out 6-3 (Groundball, 6, EV 107.5 MPH)
Batting: RHB Mike Townsend 0-0: Ground out 1-3 (Groundball, 34S, EV 91.2 MPH)
Top of the 2nd over - 0 runs, 0 hits, 0 errors, 1 left on base; Crowley 0 - Redwood 0
BOTTOM OF THE 2ND
Redwood Rhinos batting - Pitching for Crowley Cajuns : LHP Lorenzo Pineda
Batting: RHB Johnny Schultz 0-0: Ball
1-0: Ball
2-0: Foul Ball, location: 2F
2-1: Foul Ball, location: 2F
2-2: Ball
3-2: Strikes out swinging
Batting: RHB Scott Fletcher 0-0: Ground out 5-3 (Groundball, 56, EV 86.9 MPH)
Batting: RHB Luis Ibáńez 0-0: Ball
1-0: Called Strike
1-1: Ball
2-1: Fly out, F9 (Flyball, 9S, EV 77.5 MPH)
Bottom of the 2nd over - 0 runs, 0 hits, 0 errors, 0 left on base; Crowley 0 - Redwood 0
TOP OF THE 3RD
Crowley Cajuns batting - Pitching for Redwood Rhinos : LHP Ramon Roodenburg
Batting: RHB Alan Shepherd 0-0: Called Strike
0-1: Ball
1-1: Ball
2-1: Bunted foul
2-2: Ball
3-2: DOUBLE (Line Drive, 3D, EV 108.8 MPH)
Batting: LHB Sam Wells 0-0: Fly out, F4 (Popup, 4MD, EV 65.0 MPH)
Batting: SHB Gabriel Ortíz 0-0: Ball
1-0: Ball
2-0: Swinging Strike
2-1: Swinging Strike
2-2: Fly out, F8 (Flyball, 89D, EV 79.4 MPH)
Runner from 2nd tags up, SAFE at 3rd, no throw by CF
Batting: RHB Leonard Tucker 0-0: Foul Ball, location: 2F
0-1: DOUBLE (Line Drive, 89D, EV 101.2 MPH)
Alan Shepherd scores
Batting: RHB Allan Selkirk 0-0: Ball
1-0: Reached on error, E3 (Groundball, 34S, EV 84.4 MPH)
Leonard Tucker to third
Batting: SHB Rich Dalzell 0-0: Ball
1-0: Swinging Strike
1-1: Foul Ball, location: 2F
1-2: Strikes out looking
Top of the 3rd over - 1 run, 2 hits, 1 error, 2 left on base; Crowley 1 - Redwood 0
BOTTOM OF THE 3RD
Redwood Rhinos batting - Pitching for Crowley Cajuns : LHP Lorenzo Pineda
Batting: RHB Edgar Rodríguez 0-0: Called Strike
0-1: Called Strike
0-2: Ball
1-2: Foul Ball, location: 2F
1-2: Fly out, F9 (Line Drive, 9, EV 85.6 MPH)
Batting: RHB Jimmy Cooper 0-0: Foul Ball, location: 2F
0-1: Ball
1-1: Foul Ball, location: 2F
1-2: Ball
2-2: Fly out, F8 (Line Drive, 8RD, EV 93.1 MPH)
Batting: SHB Ralph Ludwig 0-0: Called Strike
0-1: Ball
1-1: Ball
2-1: SOLO HOME RUN (Flyball, 78XD, EV 106.2 MPH), Distance : 410 ft
Batting: RHB Roy MacDonald 0-0: Swinging Strike
0-1: Fly out, F2 (Popup, 2R, EV 90.0 MPH)
Bottom of the 3rd over - 1 run, 1 hit, 0 errors, 0 left on base; Crowley 1 - Redwood 1
TOP OF THE 4TH
Crowley Cajuns batting - Pitching for Redwood Rhinos : LHP Ramon Roodenburg
Batting: RHB Michael Warner 0-0: Ball
1-0: Ball
2-0: Foul Ball, location: 2F
2-1: Fly out, F9 (Flyball, 9LDF, EV 111.9 MPH)
Batting: RHB Luwen Cullus 0-0: Called Strike
0-1: Foul Ball, location: 2F
0-2: Ground out 6-3 (Groundball, 6, EV 86.2 MPH)
Batting: RHB Mike Townsend 0-0: Ball
1-0: Called Strike
1-1: Foul Ball, location: 2F
1-2: Ball
2-2: Ball
3-2: Strikes out looking
Top of the 4th over - 0 runs, 0 hits, 0 errors, 0 left on base; Crowley 1 - Redwood 1
BOTTOM OF THE 4TH
Redwood Rhinos batting - Pitching for Crowley Cajuns : LHP Lorenzo Pineda
Batting: LHB Dave Vansant 0-0: Ball
1-0: Reached on error, E6 (Groundball, 6, EV 79.4 MPH)
Batting: RHB Adrián Serrano 0-0: Called Strike
0-1: SINGLE (Flyball, 89S, EV 83.8 MPH)
Dave Vansant to third
Batting: RHB Johnny Schultz 0-0: Fly out, F9 (Flyball, 89S, EV 92.5 MPH)
Batting: RHB Scott Fletcher 0-0: Called Strike
0-1: Swinging Strike
0-2: Foul Ball, location: 2F
0-2: Ball
1-2: Foul Ball, location: 2F
1-2: Ball
2-2: Foul Ball, location: 2F
2-2: Single, Error in OF, E7, batter to second base (Groundball, 56D, EV 107.5 MPH)
Dave Vansant scores
Adrián Serrano to third
Batting: RHB Luis Ibáńez 0-0: SINGLE (Groundball, 6MD, EV 97.5 MPH)
Adrián Serrano scores
Scott Fletcher to third
Runner from 3rd tries for Home, SAFE, no throw by CF
Batting: RHB Edgar Rodríguez 0-0: Foul Ball, location: 2F
0-1: Grounds into double play, 6-4-3 (Groundball, 6, EV 105.6 MPH)
Bottom of the 4th over - 3 runs, 3 hits, 2 errors, 0 left on base; Crowley 1 - Redwood 4
TOP OF THE 5TH
Crowley Cajuns batting - Pitching for Redwood Rhinos : LHP Ramon Roodenburg
Batting: RHB Alan Shepherd 0-0: Called Strike
0-1: Foul Ball, location: 2F
0-2: Fly out, F9 (Flyball, 9LM, EV 82.5 MPH)
Batting: LHB Sam Wells 0-0: Swinging Strike
0-1: Ball
1-1: Foul Ball, location: 2F
1-2: Fly out, F9 (Flyball, 89S, EV 94.4 MPH)
Batting: SHB Gabriel Ortíz 0-0: Called Strike
0-1: Ball
1-1: Ball
2-1: Ball
3-1: SINGLE (Groundball, 56D, EV 95.0 MPH)
Batting: RHB Leonard Tucker 0-0: Foul Ball, location: 2F
0-1: Ball
1-1: Called Strike
1-2: DOUBLE (Line Drive, 7LS, EV 108.8 MPH)
Gabriel Ortíz to third
Batting: RHB Allan Selkirk 0-0: Ball
1-0: Ball
2-0: Called Strike
2-1: Foul Ball, location: 2F
2-2: Strikes out swinging
Top of the 5th over - 0 runs, 2 hits, 0 errors, 2 left on base; Crowley 1 - Redwood 4
BOTTOM OF THE 5TH
Redwood Rhinos batting - Pitching for Crowley Cajuns : LHP Lorenzo Pineda
Batting: RHB Jimmy Cooper 0-0: Ball
1-0: Swinging Strike
1-1: Foul Ball, location: 2F
1-2: Foul Ball, location: 2F
1-2: Strikes out swinging
Batting: SHB Ralph Ludwig 0-0: Ball
1-0: Fly out, F9 (Flyball, 9S, EV 73.8 MPH)
Batting: RHB Roy MacDonald 0-0: Ball
1-0: Fly out, F7 (Flyball, 7LS, EV 92.5 MPH)
Bottom of the 5th over - 0 runs, 0 hits, 0 errors, 0 left on base; Crowley 1 - Redwood 4
TOP OF THE 6TH
Crowley Cajuns batting - Pitching for Redwood Rhinos : LHP Ramon Roodenburg
Batting: SHB Rich Dalzell 0-0: Called Strike
0-1: Ball
1-1: Foul Ball, location: 2F
1-2: Ball
2-2: Strikes out swinging
Batting: RHB Michael Warner 0-0: Foul Ball, location: 2F
0-1: Ball
1-1: Foul Ball, location: 2F
1-2: Foul Ball, location: 2F
1-2: Ball
2-2: Foul Ball, location: 2F
2-2: Foul Ball, location: 2F
2-2: Strikes out swinging
Batting: RHB Luwen Cullus 0-0: Ball
1-0: Ball
2-0: Called Strike
2-1: Foul Ball, location: 2F
2-2: Ball
3-2: Base on Balls
Pitching: LHP Juan Barrón
Batting: RHB Mike Townsend 0-0: Ball
1-0: Ball
2-0: Ball
3-0: Called Strike
3-1: Reached on error, E7 (Line Drive, 7, EV 93.1 MPH)
Luwen Cullus to third
Batting: RHB Alan Shepherd 0-0: Swinging Strike
0-1: Foul Ball, location: 2F
0-2: Foul Ball, location: 2F
0-2: Ball
1-2: Ball
2-2: Strikes out looking
Top of the 6th over - 0 runs, 0 hits, 1 error, 2 left on base; Crowley 1 - Redwood 4
BOTTOM OF THE 6TH
Redwood Rhinos batting - Pitching for Crowley Cajuns : LHP Lorenzo Pineda
Batting: LHB Dave Vansant 0-0: Foul Ball, location: 2F
0-1: Called Strike
0-2: Foul Ball, location: 2F
0-2: DOUBLE (Line Drive, 7LM, EV 105.6 MPH)
Batting: RHB Adrián Serrano 0-0: Intentional Walk
Batting: RHB Johnny Schultz 0-0: Ball
1-0: DOUBLE (Line Drive, 89D, EV 105.0 MPH)
Dave Vansant scores
Adrián Serrano to third
Pitching: RHP Krystof Stensel
Batting: RHB Scott Fletcher 0-0: Called Strike
0-1: Ball
1-1: Foul Ball, location: 2F
1-2: Strikes out swinging
Batting: RHB Luis Ibáńez 0-0: Ball
1-0: Ball
2-0: Swinging Strike
2-1: Ball
3-1: Swinging Strike
3-2: Strikes out swinging
Batting: RHB Edgar Rodríguez 0-0: Intentional Walk
Batting: RHB Jimmy Cooper 0-0: Ball
1-0: Called Strike
1-1: Swinging Strike
1-2: Strikes out looking
Bottom of the 6th over - 1 run, 2 hits, 0 errors, 3 left on base; Crowley 1 - Redwood 5
TOP OF THE 7TH
Crowley Cajuns batting - Pitching for Redwood Rhinos : LHP Juan Barrón
Batting: LHB Sam Wells 0-0: Ball
1-0: Ball
2-0: Foul Ball, location: 2F
2-1: SOLO HOME RUN (Flyball, 9D, EV 95.6 MPH), Distance : 381 ft
Batting: SHB Gabriel Ortíz 0-0: Ball
1-0: Ball
2-0: Foul Ball, location: 2F
2-1: DOUBLE (Line Drive, 7LS, EV 90.6 MPH)
Batting: RHB Leonard Tucker 0-0: SINGLE (Groundball, 56D, EV 104.4 MPH)
Gabriel Ortíz to third
Batting: RHB Allan Selkirk 0-0: Called Strike
0-1: Swinging Strike
0-2: Grounds into double play, 6-4-3 (Groundball, 6M, EV 99.4 MPH)
Gabriel Ortíz scores
Batting: SHB Rich Dalzell 0-0: Foul Ball, location: 2F
0-1: Ball
1-1: Foul Ball, location: 2F
1-2: Foul Ball, location: 2F
1-2: Ball
2-2: Foul Ball, location: 2F
2-2: Ball
3-2: Foul Ball, location: 2F
3-2: Ground out 5-3 (Groundball, 56, EV 106.2 MPH)
Top of the 7th over - 2 runs, 3 hits, 0 errors, 0 left on base; Crowley 3 - Redwood 5
BOTTOM OF THE 7TH
Redwood Rhinos batting - Pitching for Crowley Cajuns : RHP Krystof Stensel
Batting: SHB Ralph Ludwig 0-0: Swinging Strike
0-1: Called Strike
0-2: Ground out 4-3 (Groundball, 4M, EV 82.5 MPH)
Batting: RHB Roy MacDonald 0-0: Called Strike
0-1: Fly out, F4 (Popup, 4S, EV 73.8 MPH)
Pitching: RHP Derek Craggs
Batting: LHB Dave Vansant 0-0: Ball
1-0: Ball
2-0: Called Strike
2-1: Fly out, F8 (Line Drive, 8LD, EV 103.1 MPH)
Bottom of the 7th over - 0 runs, 0 hits, 0 errors, 0 left on base; Crowley 3 - Redwood 5
TOP OF THE 8TH
Crowley Cajuns batting - Pitching for Redwood Rhinos : LHP Juan Barrón
Batting: RHB Michael Warner 0-0: Foul Ball, location: 2F
0-1: Ball
1-1: Foul Ball, location: 2F
1-2: Ground out 6-3 (Groundball, 6S, EV 86.9 MPH)
Batting: RHB Luwen Cullus 0-0: Called Strike
0-1: Ball
1-1: Ball
2-1: Ground out 1-3 (Groundball, 34S, EV 80.0 MPH)
Batting: RHB Mike Townsend 0-0: TRIPLE (Flyball, 89XD, EV 101.9 MPH)
Batting: RHB Alan Shepherd 0-0: Ball
1-0: TRIPLE (Groundball, 3L, EV 105.6 MPH)
Mike Townsend scores
Batting: LHB Sam Wells 0-0: Fly out, F9 (Flyball, 9, EV 89.4 MPH)
Top of the 8th over - 1 run, 2 hits, 0 errors, 1 left on base; Crowley 4 - Redwood 5
BOTTOM OF THE 8TH
Redwood Rhinos batting - Pitching for Crowley Cajuns : RHP Derek Craggs
Batting: RHB Adrián Serrano 0-0: Ball
1-0: Called Strike
1-1: Ball
2-1: Ball
3-1: SINGLE (Line Drive, 78M, EV 93.1 MPH)
Batting: RHB Johnny Schultz 0-0: Ball
1-0: SINGLE (Line Drive, 89D, EV 98.1 MPH)
Adrián Serrano to second
Batting: RHB Scott Fletcher 0-0: Called Strike
0-1: Ball
1-1: Ball
2-1: Foul Ball, location: 2F
2-2: SINGLE (Groundball, 56D, EV 98.8 MPH)
Adrián Serrano to third
Johnny Schultz to second
Pitching: RHP Kane Hallworth
Batting: RHB Luis Ibáńez 0-0: Called Strike
0-1: Foul Ball, location: 2F
0-2: Ball
1-2: Foul Ball, location: 2F
1-2: Foul Ball, location: 2F
1-2: Ball
2-2: Fly out, F3 (Popup, 3, EV 83.1 MPH)
Batting: RHB Edgar Rodríguez 0-0: Called Strike
0-1: Ball
1-1: Foul Ball, location: 2F
1-2: Strikes out swinging
Batting: RHB Jimmy Cooper 0-0: Called Strike
0-1: Ball
1-1: Ball
2-1: Fly out, F8 (Flyball, 8RD, EV 99.4 MPH)
Bottom of the 8th over - 0 runs, 3 hits, 0 errors, 3 left on base; Crowley 4 - Redwood 5
TOP OF THE 9TH
Crowley Cajuns batting - Pitching for Redwood Rhinos : LHP Juan Barrón
Pitching: RHP Tim Buck
Now at 3B: Nick Parsons
Batting: SHB Gabriel Ortíz 0-0: Foul Ball, location: 2F
0-1: Foul Ball, location: 2F
0-2: Ball
1-2: Foul Ball, location: 2F
1-2: Ball
2-2: Foul Ball, location: 2F
2-2: Fly out, F8 (Flyball, 8LM, EV 96.2 MPH)
Batting: RHB Leonard Tucker 0-0: Ball
1-0: Ball
2-0: SINGLE (Flyball, 9S, EV 90.0 MPH)
Pinch Hitting: RHB José Morales 0-0: Called Strike
0-1: Ball
1-1: Ball
2-1: SINGLE (Flyball, 78D, EV 90.6 MPH)
Leonard Tucker to second
Runner from 2nd tries for 3rd, SAFE, throw by CF made to third
Batting: SHB Rich Dalzell 0-0: Swinging Strike
0-1: Ball
1-1: Ball
2-1: Called Strike
2-2: Strikes out swinging
Batting: RHB Michael Warner 0-0: Called Strike
0-1: Called Strike
0-2: Ball
1-2: Ball
2-2: Strikes out swinging
Top of the 9th over - 0 runs, 2 hits, 0 errors, 2 left on base; Crowley 4 - Redwood 5
Tuesday, January 5th, 2021 - OOTP Baseball 20.8 Build 74